 Dungeon Crawl Stone Soup version 0.27-a0-1200-g94dc6ad4cf (webtiles) character file.

Game seed: 7154239404309884732

406 Vomitron the Skirmisher (level 7, -2/52 HPs)
             Began as a Djinni Earth Elementalist on June 1, 2021.
             Was an Initiate of Hepliaklqana.
             Slain by Duvessa
             ... wielding a +2 short sword of electrocution
              (4 damage)
             ... on level 4 of the Dungeon.
             The game lasted 00:09:15 (4863 turns).

Vomitron the Skirmisher (Djinni Earth Elementalist) Turns: 4863, Time: 00:09:16

Health: -2/52      AC:  7    Str:  9    XL:     7   Next: 12%
Gold:   163        EV: 11    Int: 17    God:    Hepliaklqana [......] SH:  0 Dex: 13

rFire    + + .     SeeInvis .   e - +1 dagger (speed)
rCold    . . .     Faith    +   (no shield)
rNeg     . . .     Spirit   .   s - +0 ring mail
rPois    ∞         Reflect  .   g - +1 helmet
rElec    .         Harm     .   (no cloak)
rCorr    .         Rampage  .   (no gloves)
Will     .....                  (boots unavailable)
Stlth    +.........             f - amulet of faith
HPRegen  0.17/turn              p - ring of wizardry
MPRegen  0.00/turn              r - ring of protection from cold

@: mighty, flying, very slightly contaminated
A: sickness immunity, fire resistance 2, cold vulnerability 1, float, innate
caster, hp casting, extra vitality 1
a: Renounce Religion


You were on level 4 of the Dungeon.
You worshipped Hepliaklqana.
Hepliaklqana was noncommittal.
You visited 2 branches of the dungeon, and saw 5 of its levels.
You also visited: Sewer.

You collected 163 gold pieces.

Inventory:

Hand Weapons
 d - a +0 war axe
 e - a +1 dagger of speed (weapon)
Missiles
 b - 25 stones
 j - 4 atropa-tipped darts
Armour
 c - a +0 robe
 g - a +1 helmet (worn)
 q - a +0 kite shield
 s - a +0 ring mail (worn)
Jewellery
 f - an amulet of faith (around neck)
 p - a ring of wizardry (left hand)
 r - a ring of protection from cold (right hand)
Wands
 k - a wand of digging (4)
 t - a wand of paralysis (3)
 u - a wand of polymorph (6)
Scrolls
 a - 2 scrolls of enchant armour
 h - a scroll of fog {unknown}
 l - a scroll of identify {unknown}
 m - a scroll of brand weapon {unknown}
 n - a scroll of vulnerability {unknown}
 w - 2 scrolls of noise {unknown}
 x - 2 scrolls of fear {unknown}
Potions
 o - a potion of haste {unknown}
 v - a potion of mutation {unknown}
 z - a potion of flight {unknown}


   Skills:
 * Level 4.2 Fighting
 + Level 1.2 Armour
 + Level 4.1 Dodging
 - Level 1.5 Stealth
 - Level 1.2 Shields
 + Level 3.4 Spellcasting


You couldn't memorise any spells.
You knew the following spells:

 Your Spells              Type           Power      Damage    Failure   Level
a - Sandblast             Erth           28%        2d8       4%          1
b - Passwall              Tmut/Erth      11%        N/A       7%          2
c - Stone Arrow           Conj/Erth      28%        3d8       14%         3
d - Petrify               Tmut/Erth      14%        N/A       41%         4
e - Lee's Rapid Deconstr  Erth           7%         3d7*      75%         5
f - Apportation           Tloc           28%        N/A       4%          1
g - Wereblood             Tmut           14%        N/A       7%          2
h - Conjure Flame         Conj/Fire      14%        6-21      14%         3
Your spell library was empty.

Dungeon Overview and Level Annotations

Branches:
Dungeon (4/15)             Temple (1/1) D:4           Sewer (visited)

Altars:
Ashenzari
Dithmenos
Hepliaklqana
Okawaru
Qazlal
Sif Muna
Vehumet
Wu Jian
Xom

Annotations:
D:4 Dowan, Duvessa


Innate Abilities, Weirdness & Mutations

You are immune to sickness and miasma.
You are immune to poison.
Your flesh is very heat resistant. (rF++)
You are vulnerable to cold. (rC-)
You float through the air rather than walking.
You learn spells naturally, not from books.
Your magical power is your life essence.
You have superior vitality. (+4 HP)


Message History

Confirm with . or Enter, or press ? or * to list all spells.
Aiming: Sandblast (safe; 4% risk of failure)
Press: ? - help, Shift-Dir - straight line, f/p - Ijyb
Aim: Ijyb, wielding a +0 club, wearing a +0 leather armour and carrying a wand of flame (19) (almost dead, 74% to hit)
The blast of sand hits Ijyb.
Ijyb is almost dead.
Ijyb hits you but does no damage.
Unknown command.
Casting: Sandblast (safe; 4% risk of failure)
Confirm with . or Enter, or press ? or * to list all spells.
Aiming: Sandblast (safe; 4% risk of failure)
Press: ? - help, Shift-Dir - straight line, f/p - Ijyb
Aim: Ijyb, wielding a +0 club, wearing a +0 leather armour and carrying a wand of flame (19) (almost dead, 74% to hit)
The blast of sand misses Ijyb.
The blast of sand hits Dowan.
Dowan is moderately wounded.
Ijyb screams, "Me kill you!"
Ijyb zaps a wand.
The puff of flame hits you. You resist.
Unknown command.
You hit Ijyb but do no damage.
Ijyb is almost dead.
Unknown command.
Casting: Sandblast (safe; 4% risk of failure)
Confirm with . or Enter, or press ? or * to list all spells.
Aiming: Sandblast (safe; 4% risk of failure)
Press: ? - help, Shift-Dir - straight line, f/p - Ijyb
Aim: Ijyb, wielding a +0 club, wearing a +0 leather armour and carrying a wand of flame (18) (almost dead, 74% to hit)
The blast of sand hits Ijyb!
You kill Ijyb!
Unknown command.
Unknown command.
Dowan points at Duvessa and mumbles some strange words.
Duvessa seems to speed up.
Duvessa hits you with a +2 short sword of electrocution.
You are electrocuted!
* * * LOW HITPOINT WARNING * * *
It was a potion of might.
You feel very mighty all of a sudden. Duvessa closely misses you.
Duvessa hits you with a +2 short sword of electrocution.
You die...

#..........# ..... #.##......##
..... #..#.##...###....# .
#.....#..##.....## .#
########................. #.##
###.##..........#..........
...#.#...##........e.#..........
#.......>.#......e##...Z......#
###.#..#........@..#..##..#.#...
####..........##..##)##
#............#...#Z.# #
####...........###.##....
####.#...........## ......###
##.............### #...##.
.............### .... ..
..........#### .) ..
.##.)......# ##. ...


You could see Duvessa (fast) and Dowan.

Vanquished Creatures
  Purgy (Sewer)
  A bullfrog (D:3)
  A bullfrog skeleton (D:4)
  Jessica (D:2)
  Ijyb (D:4)
  An orc wizard (D:3)
  3 adders
  3 gnolls (D:2)
  A white imp (D:3)
  4 dart slugs
  2 orcs (D:3)
  4 bats
  6 endoplasms
  3 giant cockroaches
  8 goblins
  2 hobgoblins
  6 jackals
  2 quokkas
  5 ball pythons
  5 frilled lizards
  10 kobolds
  7 rats
77 creatures vanquished.

Notes
Turn   | Place    | Note
-------+----------+-------------------------------------------
     0 | D:1      | Vomitron the Djinni Earth Elementalist began the quest for
                  | the Orb.
     0 | D:1      | Reached XP level 1. HP: 15/15 MP: 0/0
   416 | D:1      | Reached XP level 2. HP: 8/22 MP: 0/0
   747 | D:1      | Found a faded altar of an unknown god.
   942 | D:1      | Reached skill level 1 in Fighting
  1314 | D:1      | Reached XP level 3. HP: 18/27 MP: 0/0
  1314 | D:1      | Learned a level 1 spell: Apportation
  1575 | D:2      | Reached XP level 4. HP: 15/33 MP: 0/0
  1895 | D:2      | Noticed Jessica
  1896 | D:2      | Killed Jessica
  2425 | D:2      | Reached XP level 5. HP: 36/39 MP: 0/0
  2425 | D:2      | Learned a level 2 spell: Wereblood
  2990 | D:3      | Noticed a bullfrog
  3298 | D:3      | Killed a bullfrog
  3300 | D:3      | Reached XP level 6. HP: 11/46 MP: 0/0
  3667 | D:3      | Reached skill level 1 in Shields
  3691 | D:3      | Found a broken altar of Ashenzari.
  4151 | D:4      | Found a staircase to the Ecumenical Temple.
  4171 | Temple   | Entered the Ecumenical Temple
  4188 | Temple   | Became a worshipper of Hepliaklqana the Forgotten
  4219 | D:4      | Found a glowing drain.
  4311 | Sewer    | Entered a sewer
  4409 | Sewer    | Noticed Purgy
  4437 | Sewer    | Killed Purgy
  4438 | Sewer    | Reached skill level 1 in Armour
  4438 | Sewer    | Reached XP level 7. HP: 7/52 MP: 0/0
  4438 | Sewer    | Learned a level 3 spell: Conjure Flame
  4839 | D:4      | Noticed Ijyb
  4841 | D:4      | Noticed Duvessa
  4843 | D:4      | Noticed Dowan
  4854 | D:4      | Killed Ijyb
  4861 | D:4      | HP: 2/52 [Duvessa/+2 short sword of electrocution (17)]
  4863 | D:4      | Slain by Duvessa

Illustrated notes

Levels and vault maps discovered:
D:1:      psy_arrival_radial02, layout_basic,
          shapermc_ecumenical_altar_starsandcircs
D:2:      layout_basic, minmay_pentomino_t2, uniq_jessica
D:3:      layout_rooms, nicolae_overflow_crystal_walls, lemuel_doored_altar,
          due_unseen_surprise
D:4:      layout_cave_pools, trog_wizard, cheibriados_altar_1,
          minmay_temple_entry_crystal_x, portal_sewer_entry_b, enter_ossuary_1,
          serial_shops, nicolae_shop_statue_plus, uniq_ijyb, uniq_duvessa
Temple:   eino_temple_water

Skill      XL: |  1  2  3  4  5  6 |
---------------+-------------------+-----
Fighting       | 1 2 3 4 |  4.2
Dodging        | 3 4 |  4.1
Spellcasting   | 3 |  3.4
Shields        | 1 |  1.2
Armour         | 1 |  1.2
Stealth        | |  1.5

Action                   |  1- 3 |  4- 6 |  7- 9 || total
-------------------------+-------+-------+-------++-------
Melee: War axe           |     9 |       |       ||     9
       Unarmed           |     2 |       |       ||     2
       Dagger            |    54 |   122 |    14 ||   190
 Cast: Sandblast         |     8 |    50 |     5 ||    63
       Stone Arrow       |     4 |    18 |     3 ||    25
  Use: Scroll            |       |     1 |       ||     1
       Potion            |       |       |     1 ||     1
 Stab: Sleeping          |     4 |     2 |       ||     6
Armor: Robe              |     7 |    25 |       ||    32
       Ring mail         |       |    14 |     3 ||    17
Dodge: Dodged            |    25 |    78 |    11 ||   114

Table legend: (Time is in decaauts)
 A = Elapsed time spent in this place.
 B = Non-inter-level travel time spent in this place.
 C = Inter-level travel time spent in this place.
 D = Time resting spent in this place.
 E = Time spent auto-exploring this place.
 F = Levels seen in this place.
 G = Mean time per level.
                   A        B        C        D        E       F      G
               +--------+--------+--------+--------+--------+-----+--------+
         Total |   4805 |   4582 |    223 |   1492 |   2379 |   6 |  800.8 |
       Dungeon |   4315 |   4092 |    223 |   1231 |   2250 |   4 | 1078.8 |
        Temple |     32 |     32 |      0 |      0 |      0 |   1 |   32.0 |
         Sewer |    456 |    456 |      0 |    261 |    129 |   1 |  456.0 |
               +--------+--------+--------+--------+--------+-----+--------+

Top non-repeatable levels by time:
     D:2: 1871 daAuts
     D:1: 1481 daAuts
     D:3: 699 daAuts
   Sewer: 456 daAuts
     D:4: 263 daAuts
  Temple: 32 daAuts
